Map: Moonlight Madness LE (Void)

Players

DrPepperOG - Winner!

  • Race: Protoss Protoss
  • League: Bronze

SticklerMac

  • Race: Zerg Zerg
  • League: Bronze

VOD

Have the link to the VOD?

Description

Time

  • Played on: Aug. 11, 2015, 8:58 p.m.
  • Length: 6:42
Show
View Real Time Build Order
Export as new Build Order

DrPepperOG Protoss - Winner!

Build Orders:  

Get SALT Encoding   

  12  0:02  Probe  
  13  0:19  Pylon  
  13  0:21  Probe  
  14  0:38  Probe (Chrono Boost)  
  14  0:40  Gateway  
  15  0:46  Probe (Chrono Boost)  
  15  0:47  Assimilator  
  16  0:51  Assimilator  
  16  0:55  Probe (Chrono Boost)  
  17  1:01  Pylon  
  17  1:07  Probe (Chrono Boost)  
  18  1:16  Probe (Chrono Boost)  
  19  1:24  Probe  
  20  1:27  Cybernetics Core  
  20  1:36  Probe (Chrono Boost)  
  21  1:46  Probe (Chrono Boost)  
  22  1:48  Gateway  
  22  2:05  Robotics Facility  
  22  2:07  Warp Gate (Chrono Boost)  
  22  2:09  Mothership Core  
  24  2:18  Sentry  
  26  2:25  Pylon  
  26  2:39  Stalker  
  28  2:49  Stalker  
  30  2:55  Immortal (Chrono Boost)  
  34  3:09  Stalker  
  34  3:11  Pylon  
  38  3:30  Stalker (Chrono Boost)  
  38  3:32  Immortal (Chrono Boost)  
  42  3:44  Stalker (Chrono Boost)  
  44  3:54  Pylon  
  44  4:11  Pylon  
  44  4:12  Immortal  
  48  4:21  Stalker  
  50  4:26  Stalker  
  52  4:50  Zealot x2  
  56  5:11  Stalker x2  
  60  5:34  Nexus  
  60  5:55  Stalker  
  50  6:14  Stalker  
Show
View Real Time Build Order
Export as new Build Order

SticklerMac Zerg 

Build Orders: Hatch First 

Get SALT Encoding   

  12  0:01  Drone  
  13  0:12  Overlord  
  13  0:21  Drone  
  14  0:30  Drone x2  
  16  0:51  Hatchery  
  16  0:54  Drone  
  16  0:57  Drone  
  16  1:01  Drone  
  18  1:06  Drone  
  19  1:12  Extractor  
  18  1:21  Spawning Pool  
  18  1:23  Drone  
  18  1:30  Drone  
  19  1:38  Overlord  
  19  1:49  Drone  
  20  1:58  Extractor  
  19  2:08  Queen  
  19  2:09  Queen  
  19  2:10  Drone x2  
  19  2:11  Drone  
  26  2:26  Metabolic Boost  
  26  2:41  Drone x5  
  31  2:45  Drone  
  32  3:00  Hatchery  
  31  3:08  Lair  
  31  3:11  Zergling x2  
  31  3:12  Zergling x2  
  33  3:13  Drone  
  33  3:16  Drone  
  35  3:20  Drone  
  35  3:23  Overlord  
  36  3:28  Overlord  
  36  3:42  Roach Warren  
  36  3:44  Drone x2, Extractor  
  36  3:45  Drone  
  37  3:53  Drone x2  
  38  3:57  Zergling x4  
  38  3:58  Zergling x4  
  38  4:00  Zergling x2  
  43  4:03  Zergling x2  
  43  4:04  Zergling x2  
  43  4:07  Zergling x2  
  43  4:09  Zergling x2  
  47  4:12  Zergling x2  
  48  4:28  Roach x2  
  48  4:29  Roach x2  
  54  4:39  Zergling x2  
  54  4:40  Zergling x4  
  57  4:45  Overlord  
  57  4:46  Overlord x2  
  57  4:53  Overlord  
  57  4:54  Overlord  
  49  5:10  Roach x4  
  49  5:11  Roach  
  59  5:21  Roach  
  59  5:22  Roach  
  63  5:32  Roach x2  
  67  5:43  Roach  
  67  5:44  Roach x4  
  67  5:49  Zergling x2  
  75  5:51  Roach x2  
  75  5:52  Roach  
  75  5:56  Overlord  
  72  6:09  Roach x2  
  58  6:13  Roach  
  48  6:19  Roach  
Tags
 
Add a new tag
Caveats
  • Supply blocks, unpowered buildings, or Contaminate may cause inaccurate times.
  • Supply counts are checked every 10 seconds.